 Dungeon Crawl Stone Soup version 0.22.1-1-ga44c0e5 (webtiles) character file.

9531 Erlindor the Fighter (level 11, -1/62 HPs)
             Began as a Gargoyle Abyssal Knight on Oct 29, 2018.
             Was a High Priest of Lugonu.
             Slain by a hell hound (4 damage)
             ... on level 1 of the Abyss on Nov 1, 2018.
             The game lasted 00:35:00 (12739 turns).

Erlindor the Fighter (Gargoyle Abyssal Knight)     Turns: 12739, Time: 00:35:01

Health: -1/62      AC: 25    Str: 18    XL:     11   Next: 48%
Magic:  11/11      EV:  5    Int: 10    God:    Lugonu [*****.]
Gold:   395        SH:  9    Dex:  9    Spells: 10/10 levels left

rFire    + . .     SeeInvis .   K - +0 scimitar (flame)
rCold    + . .     Gourm    .   C - +0 shield
rNeg     + + .     Faith    .   z - +2 chain mail {rF+}
rPois    ∞         Spirit   .   n - +0 helmet
rElec    +         Reflect  .   P - +2 cloak
rCorr    .         Harm     .   (no gloves)
MR       .....                  a - +0 pair of boots
Stlth    ..........             (no amulet)
HPRegen  0.20/turn              J - ring of protection from cold
MPRegen  0.12/turn              s - ring of positive energy

@: about to teleport, slowed, very slow
A: [blurry vision 3], [dopey 2], [frail 2], [low mp 2], negative energy
resistance 1, [screaming 2], electricity resistance, unbreathing, petrification
resistance, rot immunity, [subdued magic 2], AC +8
a: Depart the Abyss, Bend Space, Banish, Corrupt, Enter the Abyss, Renounce
Religion


You were on level 1 of the Abyss.
You worshipped Lugonu.
Lugonu was extremely pleased with you.
You were not hungry.

You visited 2 branches of the dungeon, and saw 12 of its levels.
You visited the Abyss 2 times.
You also visited: Sewer.

You collected 521 gold pieces.
You spent 126 gold pieces at shops.

Inventory:

Hand Weapons
 K - a +0 scimitar of flaming (weapon)
 N - a +1 short sword of venom
Armour
 a - a +0 pair of boots (worn)
 n - a +0 helmet (worn)
 z - a +2 chain mail of fire resistance (worn)
 C - a +0 shield (worn)
 P - a +2 cloak (worn)
Jewellery
 s - a ring of positive energy (right hand)
 J - a ring of protection from cold (left hand)
 O - an uncursed ring of magical power {unknown}
Wands
 d - a wand of paralysis (2)
 r - a wand of iceblast (12)
 y - a wand of polymorph (22)
 A - a wand of flame (7)
 D - a wand of random effects (27)
 E - a wand of digging (21)
 L - a wand of clouds (14)
Scrolls
 g - 2 scrolls of amnesia {unknown}
 j - 4 scrolls of remove curse
 l - a scroll of teleportation
 m - 3 scrolls of immolation {unknown}
 p - 2 scrolls of fog {unknown}
 q - 2 scrolls of identify
 t - a scroll of magic mapping {unknown}
 v - 3 scrolls of blinking {unknown}
 B - 3 scrolls of fear {unknown}
 H - a scroll of holy word {unknown}
 I - a scroll of enchant armour {unknown}
 R - a scroll of enchant weapon {unknown}
Potions
 b - 2 potions of haste
 e - 5 potions of mutation
 f - 2 potions of heal wounds
 h - 7 potions of curing
 i - 2 potions of agility
 k - a potion of invisibility
 o - 2 potions of ambrosia
 u - a potion of brilliance {unknown}
 w - 4 potions of flight {unknown}
 x - a potion of magic {unknown}
 F - 2 potions of lignification
 G - a potion of resistance {unknown}
Miscellaneous
 Q - a phial of floods
Comestibles
 c - 13 rations
 M - 2 chunks of flesh


   Skills:
 * Level 13.1 Fighting
 + Level 8.0 Long Blades
 + Level 5.0 Armour
 - Level 0.7 Dodging
 - Level 5.6 Shields
 - Level 5.0 Invocations
 - Level 5.0 Evocations


You had 10 spell levels left.
You didn't know any spells.
Your spell library was empty.

Dungeon Overview and Level Annotations

Branches:
Dungeon (11/15)            Temple (1/1) D:7            Lair (0/6) D:10
    Orc (0/2) D:9

Altars:
Cheibriados
Hepliaklqana
Trog
Vehumet
Yredelemnul
Beogh

Shops:
D:7 *

Annotations:
D:11 Psyche


Innate Abilities, Weirdness & Mutations

You are resistant to torment.
Your stone body is resilient. (AC +8)
You are immune to poison.
You resist negative energy. (rN+)
You are resistant to electric shocks. (rElec)
You can survive without breathing.
You are immune to petrification.
You are immune to rotting.
[Scrolls take you much longer to read.]
[You are very dopey. (Int -4)]
[You are very frail. (-20% HP)]
[Your magical capacity is very low. (-20% MP)]
[You sometimes yell uncontrollably at your foes.]
[Your spells are easier to cast, but less powerful.]


Message History

You feel as though you will be slow longer.
A starcursed mass comes into view.
The hell hound pauses to sniff the ground.
The smoke demon gestures at you. Something smites you!
* * * LOW HITPOINT WARNING * * *
You block the hell hound's attack. You block the hell hound's attack.
Something hits you but does no damage. The hell hound breathes flames at you.
The blast of flame hits you! You resist.
The hell hound bites you but does no damage.
The hell hound bites you but does no damage.
A starcursed mass splits.
The hell hound bites you but does no damage.
A starcursed mass splits.
A chorus of shrieks assaults your mind.
* * * LOW HITPOINT WARNING * * *
The hell hound bites you but does no damage.
A starcursed mass splits.
The hell hound bites you.
You die...

. . .. ... ..#
..##....#.#
..##..####....# # .
....##....... .#
.###.....##...
####.....#....
###...#.....##..####
#....#.*..#.##.....#
#....@h.3...#.....#
#..##.....#.##...§#...#
.....#.###.###..§ # #
..#.##..#.3...
.......*. # .#X##
.###... .# #
...#..##..##..##.....
..X§ . #. #..##..#..
###.. ....... ..... . .
. ..... ##..


You could see 2 starcursed masses, a wretched star, a smoke demon and a hell
hound.

Vanquished Creatures
  Erica (D:8)
  A two-headed ogre (D:9)
  A manticore (D:9)
  Maurice (D:10)
  Joseph (D:8)
  An elephant (D:10)
  3 trolls
  3 hippogriffs
  A ynoxinul (Abyss:1)
  A human (D:8)
  A wraith (D:10)
  2 basilisks (D:10)
  A hungry ghost (D:7)
  7 orc warriors
  3 sky beasts
  A black bear (D:11)
  An ice beast (D:10)
  6 centaurs
  A crocodile (D:10)
  4 ogres
  2 big kobolds
  4 bullfrogs
  A small abomination (Abyss:1)
  2 scorpions
  2 howler monkeys
  12 wights
  3 crimson imps
  A bullfrog zombie (D:8)
  A bullfrog skeleton (D:10)
  6 hounds
  A quasit (D:8)
  A gnoll shaman (D:10)
  10 orc priests
  A jelly (D:11)
  2 centaur skeletons
  2 iguanas
  Ijyb (D:3)
  7 orc wizards
  9 worker ants
  A hound zombie (D:9)
  A hound skeleton (D:6)
  A worker ant zombie (D:9)
  6 gnolls
  19 adders
  2 shadow imps
  5 oozes
  An adder skeleton (D:6)
  3 worms
  3 dart slugs
  8 leopard geckos
  56 orcs
  3 ball pythons
  11 bats
  8 giant cockroaches
  12 goblins
  11 hobgoblins
  12 jackals
  15 kobolds
  6 quokkas
  3 frilled lizards (D:1)
  13 rats
309 creatures vanquished.

Notes
Turn   | Place    | Note
-------+----------+-------------------------------------------
     0 | Abyss:1  | Erlindor the Gargoyle Abyssal Knight began the quest for
                  | the Orb.
     0 | Abyss:1  | Reached XP level 1. HP: 14/14 MP: 2/2
    37 | Abyss:1  | Noticed a raiju
    38 | D:1      | Escaped the Abyss
   349 | D:1      | Reached * piety under Lugonu
   352 | D:1      | Reached XP level 2. HP: 16/19 MP: 3/3
   827 | D:1      | Reached XP level 3. HP: 24/24 MP: 4/4
   850 | D:1      | Reached skill level 4 in Fighting
  1450 | D:2      | Reached XP level 4. HP: 25/30 MP: 6/6
  1537 | D:2      | Reached ** piety under Lugonu
  2601 | D:3      | Reached XP level 5. HP: 34/34 MP: 7/7
  2643 | D:3      | Reached skill level 5 in Fighting
  2712 | D:3      | Noticed a centaur
  2885 | D:3      | Reached XP level 6. HP: 33/40 MP: 8/8
  2945 | D:3      | Found a bloodstained altar of Trog.
  2960 | D:3      | Reached skill level 6 in Fighting
  2968 | D:3      | Found a basalt altar of Yredelemnul.
  3001 | D:3      | Found a hazy altar of Hepliaklqana.
  3004 | D:3      | Found a radiant altar of Vehumet.
  3007 | D:3      | Found a snail-covered altar of Cheibriados.
  3130 | D:3      | Reached *** piety under Lugonu
  3156 | D:3      | Found a glowing drain.
  3162 | Sewer    | Entered a sewer
  3486 | Sewer    | Reached XP level 7. HP: 43/47 MP: 10/10
  3922 | D:3      | Noticed Ijyb
  3944 | D:3      | Killed Ijyb
  4111 | D:3      | Found a faded altar of an unknown god.
  4530 | D:4      | Reached skill level 7 in Fighting
  4882 | D:5      | Entered Level 5 of the Dungeon
  5006 | D:5      | Reached skill level 5 in Invocations
  5006 | D:5      | Reached XP level 8. HP: 49/53 MP: 11/11
  5283 | D:4      | Reached **** piety under Lugonu
  5287 | D:4      | Reached skill level 8 in Fighting
  5955 | D:6      | Reached skill level 5 in Long Blades
  6232 | D:6      | Got a jewelled ring mail
  6233 | D:6      | Identified the cursed +1 ring mail of Firulok {rPois Str+6
                  | Int-5} (You found it on level 6 of the Dungeon)
  6303 | D:6      | Reached skill level 9 in Fighting
  6446 | D:6      | Found a basalt altar of Yredelemnul.
  6538 | D:7      | Reached skill level 1 in Shields
  6539 | D:7      | Found Tajeutum's Assorted Antiques.
  6547 | D:7      | Bought a scroll labeled NITEOTA MAEMM for 18 gold pieces
  6547 | D:7      | Bought a scroll labeled QOCHAQUEDD for 18 gold pieces
  6547 | D:7      | Bought a tourmaline ring for 90 gold pieces
  6653 | D:7      | Reached skill level 1 in Evocations
  6698 | D:7      | Reached XP level 9. HP: 60/61 MP: 12/12
  6780 | D:7      | Found a staircase to the Ecumenical Temple.
  8122 | Temple   | Entered the Ecumenical Temple
  8271 | D:8      | Reached skill level 10 in Fighting
  8370 | D:8      | Noticed Erica
  8414 | D:8      | Killed Erica
  8788 | D:8      | Reached XP level 10. HP: 60/68 MP: 13/13
  8789 | D:8      | Noticed Joseph
  8984 | D:8      | Paralysed by Joseph for 5 turns
  8994 | D:8      | Paralysed by Joseph for 7 turns
  9004 | D:8      | Killed Joseph
  9004 | D:8      | Reached skill level 11 in Fighting
  9391 | D:8      | Reached skill level 5 in Shields
 10272 | D:9      | Reached ***** piety under Lugonu
 10340 | D:9      | Found a staircase to the Orcish Mines.
 10349 | D:9      | Found a roughly hewn altar of Beogh.
 10840 | D:9      | Reached skill level 12 in Fighting
 11189 | D:9      | Noticed a two-headed ogre
 11211 | D:9      | Killed a two-headed ogre
 11298 | D:9      | Noticed a manticore
 11316 | D:9      | HP: 2/71 [manticore (6)]
 11319 | D:9      | Killed a manticore
 11319 | D:9      | Reached XP level 11. HP: 20/76 MP: 14/14
 11614 | D:10     | Entered Level 10 of the Dungeon
 11685 | D:10     | Noticed Maurice
 11707 | D:10     | Killed Maurice
 12018 | D:10     | Reached skill level 5 in Evocations
 12137 | D:10     | Found a staircase to the Lair.
 12146 | D:10     | Reached skill level 13 in Fighting
 12592 | D:11     | Noticed Psyche
 12605 | D:11     | Cast into level 1 of the Abyss (Psyche)
 12605 | Abyss:1  | Found an ancient bone altar of Kikubaaqudgha.
 12707 | Abyss:1  | Noticed a wretched star
 12708 | Abyss:1  | Reached skill level 5 in Armour
 12733 | Abyss:1  | Noticed a starcursed mass
 12739 | Abyss:1  | HP: 3/62 [starcursed mass/accursed screaming (6)]
 12739 | Abyss:1  | Slain by a hell hound

Skill      XL: |  1  2  3  4  5  6  7  8  9 10 11 |
---------------+----------------------------------+-----
Long Blades    | 2 3 4 5 6 7 8 |  8.0
Fighting       | 4 5 6 7 9 10 12 13 | 13.1
Invocations    | 3 4 5 |  5.0
Shields        | 1 4 5 |  5.6
Evocations     | 1 3 4 5 |  5.0
Armour         | 3 5 |  5.0
Dodging        | |  0.7

Action                   |  1- 3 |  4- 6 |  7- 9 | 10-12 || total
-------------------------+-------+-------+-------+-------++-------
Melee: Falchion          |    95 |   275 |   513 |       ||   883
       Unarmed           |       |       |    10 |       ||    10
       Mace              |       |       |   188 |    24 ||   212
       Scimitar          |       |       |    18 |   419 ||   437
       Great sword       |       |       |    17 |       ||    17
       Short sword       |       |       |       |   119 ||   119
Invok: Depart the Abyss  |     1 |       |       |       ||     1
Evoke: Wand              |       |       |       |     1 ||     1
  Use: Scroll            |       |     4 |     7 |     6 ||    17
       Potion            |       |     1 |       |     2 ||     3
 Stab: Invisible         |       |       |       |     2 ||     2
  Eat: Chunk             |     2 |     7 |    24 |    14 ||    47
       Ration            |       |       |     4 |       ||     4
Armor: Leather armour    |    46 |    29 |       |       ||    75
       Chain mail        |       |   221 |   577 |   424 ||  1222
       Skin              |       |       |     1 |     1 ||     2
Dodge: Dodged            |    86 |   134 |   207 |   106 ||   533
Block: Shield            |       |       |   117 |   293 ||   410
       Rpst.: Falchion   |    29 |    34 |    45 |       ||   108
       Scimitar          |       |       |     3 |    18 ||    21
       Great sword       |       |       |     2 |       ||     2
